AoeStats
← ThunderboltX

Arabia

510158468Analyzed
1v1 RM · 3d ago on Sep 29, 2026· 39m 21s· 2 players
Game mode
Random Map
Map size
Tiny (2 player)
Population
200
Speed
Normal
Resources
Standard
Victory
Conquest
Starting age
Dark Age
Ending age
Imperial Age
RankedLock teamsTeams togetherTeam positionsShared explorationLock speedFull tech treeHidden civsTurbo modeCheats
Victory
Defeat
🇧🇬 Chinese · Bulgaria
2356
+10
🇵🇰 Wei · Pakistan
2222
-10
MangonelDance
6:36 Loom
8:55 Feudal Age
9:24 Double-Bit Axe
9:22 Horse Collar
19:26 Castle Age
18:14 Gold Mining
19:18 Fletching
19:29 Padded Archer Armor
20:30 Bodkin Arrow
20:48 Elite Skirmisher
25:11 Wheelbarrow
25:33 Leather Archer Armor
25:54 Town Watch
27:24 Stone Mining
27:47 Bow Saw
29:36 Hand Cart
30:15 Ballistics
34:26 Imperial Age
34:38 Husbandry
35:17 Bracer
35:50 Ring Archer Armor
37:04 Chemistry
ThunderboltX
0:25 Loom
8:09 Feudal Age
9:02 Double-Bit Axe
18:00 Castle Age
16:28 Fletching
16:22 Horse Collar
18:02 Crossbowman
18:38 Bodkin Arrow
20:00 Bow Saw
24:47 Wheelbarrow
25:49 Town Watch
29:01 Hand Cart
33:07 Imperial Age
31:47 Scale Mail Armor
31:57 Forging
31:48 Squires
32:51 Chain Mail Armor
33:13 Padded Archer Armor
33:39 Heavy Plow
33:52 Bracer
34:54 Chemistry
33:18 Arbalester
33:49 Arson
35:18 Two-Man Saw
36:33 Elite Fire Lancer
38:03 Conscription
37:43 Stone Mining
37:43 Gold Mining
38:48 Plate Mail Armor
39:58 Thumb Ring
39:15 Elite Skirmisher
40:32 Iron Casting
Connection lost

Rejoining the realm…

Still unreachable

The connection could not be restored.

Session expired

The server has moved on; the page needs a fresh start.